 Dungeon Crawl Stone Soup version 0.29.1-12-g30fa7ad0bf (webtiles) character file.

Game seed: 10412491900854718995

15589 mortz the Summoner (level 12, -3/63 HPs)
             Began as a Deep Elf Summoner on Jan 3, 2023.
             Was an Elder of Hepliaklqana.
             Killed from afar by an electric eel (12 damage)
             ... with a bolt of electricity
             ... on level 10 of the Dungeon.
             The game lasted 01:57:11 (11274 turns).

mortz the Summoner (Deep Elf Summoner)             Turns: 11274, Time: 01:57:11

Health: -3/63      AC: 11    Str:  5    XL:     12   Next: 2%
Magic:  17/28      EV: 28    Int: 26    God:    Hepliaklqana [****..]
Gold:   664        SH:  8    Dex: 17    Spells: 13/32 levels left

rFire   + + +      SeeInvis .   a - +4 falchion of Beogh's Generosity {venom, rF+ Dex+2}
rCold   + . .      Faith    .   T - +1 kite shield {rF+}
rNeg    . . .      Spirit   .   V - +0 leather armour {rC+}
rPois   .          Reflect  .   F - +2 helmet
rElec   .          Harm     +   w - +1 cloak
rCorr   .          Rampage  .   h - +2 pair of gloves
Will    ++...                   (no boots)
Stlth   ++........              H - amulet "Gouvorui" {Acrobat Harm rF+ Will+ Regen+}
HPRegen 1.00/turn               u - ring of wizardry
MPRegen 0.21/turn               e - +4 ring of slaying

@: acrobatic
A: reduced essence
a: Renounce Religion, Recall Ancestor, Ancestor Identity, Transference, Idealise


You were on level 10 of the Dungeon.
You worshipped Hepliaklqana.
Hepliaklqana was greatly pleased with you.
You visited 1 branch of the dungeon, and saw 10 of its levels.
You also visited: Sewer.

You collected 730 gold pieces.
You spent 66 gold pieces at shops.

Inventory:

Hand Weapons
 a - the +4 falchion of Beogh's Generosity (weapon) {venom, rF+ Dex+2}
   (You found it on level 7 of the Dungeon)

   It poisons the flesh of those it strikes.
   Dex:       It affects your dexterity (+2).
   rF:        It protects you from fire.
 b - a +0 arbalest
 t - a +3 trident of freezing
 W - a +2 battleaxe of freezing
Missiles
 d - 95 stones
 p - 3 curare-tipped darts
 x - 24 poisoned darts
 M - 6 boomerangs
 U - 4 throwing nets
Armour
 h - a +2 pair of gloves (worn)
 s - a +2 animal skin
 w - a +1 cloak (worn)
 F - a +2 helmet (worn)
 T - a +1 kite shield of fire resistance (worn)
 V - a +0 leather armour of cold resistance (worn)
Jewellery
 c - a ring of poison resistance
 e - a +4 ring of slaying (right hand)
 m - a ring of positive energy
 o - an amulet of guardian spirit
 r - a ring of fire
 u - a ring of wizardry (left hand)
 C - a ring of resist corrosion
 H - the amulet "Gouvorui" (around neck) {Acrobat Harm rF+ Will+ Regen+}
   (You took it off a vampire on level 6 of the Dungeon)

   [amulet of the acrobat]

   It increases your evasion while moving and waiting.
   rF:        It protects you from fire.
   Regen:     It increases your rate of health regeneration.
   Harm:      It increases damage dealt and taken.
   Will:      It increases your willpower.
 J - a ring of protection from cold
 P - an amulet of reflection
Wands
 y - a wand of digging (2)
 A - a wand of roots (14)
 I - a wand of acid (5)
 O - a wand of polymorph (5)
Scrolls
 g - 3 scrolls of teleportation
 l - a scroll of butterflies
 z - a scroll of blinking
 B - a scroll of enchant armour
 N - 2 scrolls of amnesia
 R - a scroll of magic mapping
Potions
 f - a potion of might
 i - 5 potions of brilliance
 j - a potion of resistance
 k - 3 potions of mutation
 n - 2 potions of flight
 q - 2 potions of ambrosia
 v - a potion of lignification
 D - a potion of invisibility
 E - 5 potions of curing
 G - 2 potions of berserk rage
 K - 2 potions of heal wounds
 L - a potion of cancellation
 S - 4 potions of magic
Miscellaneous
 Q - a lightning rod (4/4)


   Skills:
 * Level 6.3 Fighting
 + Level 7.9 Dodging
 - Level 2.4 Stealth
 * Level 10.5 Spellcasting
 + Level 3.5 Conjurations
 + Level 14.6 Summonings
 - Level 4.3 Air Magic
 + Level 3.5 Earth Magic
 + Level 2.8 Poison Magic
 + Level 3.5 Invocations


You had 13 spell levels left.
You knew the following spells:

 Your Spells              Type           Power      Damage    Failure   Level
a - Summon Small Mammal   Summ           100%       N/A       1%          1
c - Call Canine Familiar  Summ           74%        N/A       1%          3
g - Summon Guardian Gole  Hex/Summ       51%        N/A       1%          3
i - Call Imp              Summ           74%        N/A       1%          2
l - Summon Lightning Spi  Summ/Air       58%        N/A       2%          4
m - Mephitic Cloud        Conj/Pois/Air  32%        N/A       8%          3
s - Stone Arrow           Conj/Erth      64%        3d11      8%          3

Your spell library contained the following spells:

 Spells                   Type           Power      Damage    Failure   Level
 Animate Armour           Summ/Erth      100%       N/A       2%          4
 Foxfire                  Conj/Fire      88%        2x1d8     5%          1
 Necrotise                Necr           52%        1d6       11%         1
 Slow                     Hex            52%        N/A       11%         1
 Conjure Flame            Conj/Fire      22%        6-21      16%         3
 Ignite Poison            Fire/Tmut/Pois 18%        N/A       22%         3
 Confusing Touch          Hex            13%        N/A       32%         3
 Inner Flame              Hex/Fire       13%        N/A       32%         3
 Tukima's Dance           Hex            13%        N/A       32%         3
 Vampiric Draining        Necr           13%        2d6       32%         3
 Sticky Flame             Conj/Fire      22%        2d4       45%         4
 Freezing Cloud           Conj/Ice/Air   13%        6-21      65%         5
 Cause Fear               Hex            6%         N/A       69%         4
 Passage of Golubria      Tloc           13%        N/A       69%         4
 Summon Horrible Things   Summ           37%        N/A       83%         8
 Yara's Violent Unravell  Hex/Tmut       6%         3d5       95%         5
 Malign Gateway           Summ/Tloc      25%        N/A       98%         7
 Discord                  Hex            6%         N/A       100%        8
 Lehudib's Crystal Spear  Conj/Erth      16%        10d5      100%        8


Dungeon Overview and Level Annotations

Branches:
Dungeon (10/15) Zot: 25671  Temple (0/1) D:5           Sewer (visited)
   Lair: D:8-11         Orc: D:9-12

Altars:
Ashenzari
Elyvilon
Gozag
Hepliaklqana
Kikubaaqudgha
Makhleb
Nemelex Xobeh
Qazlal
Ru
Trog
Uskayaw
Wu Jian
Yredelemnul

Shops:
D:2 !   D:4 ?   D:8 (

Annotations:
D:2 Sigmund


Message History

The bolt of electricity hits glurtz.
Glurtz is destroyed!
You swap places. 2 electric eels come into view.
The electric eel shoots out a bolt of lightning at you!
The bolt of electricity hits you.
The electric eel shoots out a bolt of lightning at you!
The bolt of electricity misses you. The bolt of electricity hits your warg!
The electric eel shoots out a bolt of lightning at you!
The bolt of electricity hits your warg! The bolt of electricity misses you.
The electric eel shoots out a bolt of lightning at you!
The bolt of electricity hits your warg! The bolt of electricity hits your rat!
Your rat dies!
Your rat's corpse disappears in a puff of smoke!
The bolt of electricity hits you!
Your guardian golem overheats!
Casting: Summon Small Mammal (safe; 1% risk of failure)
Confirm with . or Enter, or press ? or * to list all spells.
The electric eel shoots out a bolt of lightning at you!
The bolt of electricity hits your guardian golem.
Your guardian golem resists.
Flame seeps out of your guardian golem.
The bolt of electricity hits your quokka!
The bolt of electricity hits you! x2; Flame seeps out of your guardian golem.
The electric eel shoots out a bolt of lightning at you!
The bolt of electricity hits your warg!
The bolt of electricity hits your guardian golem.
Your guardian golem resists.
Flame seeps out of your guardian golem.
The bolt of electricity hits your quokka!
Your quokka dies!
Your quokka's corpse disappears in a puff of smoke!
The bolt of electricity hits you!
* * * LOW HITPOINT WARNING * * *
Your guardian golem disappears in a puff of smoke!
Your guardian golem explodes!
You hear a roar!
You hear a shout! x4
The electric eel shoots out a bolt of lightning at you!
The bolt of electricity hits you!
You die...

hR#..#..#.R#..#†......[.......~~.
.##..#.)#..##.#~........)[......#
.....#.h#.....#~......)..........
.....)..#.....#~.................
######..#######~......).[....#.##
≈≈≈~≈≈~≈~≈≈≈≈~~#.....))..<..#..##
###..########........)...........
#.. #.........)).....#.#. #.
#§r.@...............# ..
#..#####............. .. #§.#
#...........## ~.. .....§°§.#
#...........## ~.~..h...#
#............. ~.≈S.###.#
#.[.........#. ~~... #.#
............. ≈..~ #.#
..........## ~S~ #.# ...........


You could see an electric eel (ally target), a friendly warg (summoned) and a
friendly quokka (summoned).

Vanquished Creatures
  A hornet (D:9)
  A wraith (D:7)
  3 yaks
  A water moccasin (Sewer)
  A bullfrog (D:4)
  3 killer bees (D:7)
  An electric eel (D:8)
  A howler monkey (D:7)
  A hound (D:5)
  A jelly (D:7)
  Crazy Yiuf (D:2)
  2 iguanas
  A gnoll (D:3)
  An orc (D:7)
  3 ball pythons
  A giant cockroach (D:6)
  4 goblins (D:2)
  2 hobgoblins (D:2)
  A jackal (D:4)
  A quokka (D:6)
  2 bats
  A frilled lizard (D:2)
  2 kobolds
  4 rats
40 creatures vanquished.

Vanquished Creatures (collateral kills)
  2 two-headed ogres
  Pikel (D:5)
  An orc knight (D:10)
  A deep elf pyromancer (D:10)
  A manticore (D:7)
  An unseen horror zombie (D:9)
  A komodo dragon (D:9)
  Grinder (D:4)
  A troll (D:10)
  Prince Ribbit (D:7)
  A slime creature (D:10)
  2 shadows
  A wraith (D:7)
  2 vampires
  2 wyverns
  11 yaks
  2 steam dragons (D:8)
  An acid dragon (D:10)
  2 orc warriors
  3 sky beasts
  A black bear (D:6)
  A wolf (D:10)
  3 ogres
  A centaur (D:7)
  A phantom (D:6)
  A lemure (D:5)
  Blork the orc (D:4)
  8 bullfrogs
  6 kobold brigands
  2 gnoll sergeants
  5 scorpions (D:6)
  A necrophage (D:6)
  10 wights
  3 killer bees
  2 howler monkeys (D:7)
  2 jellies (D:6)
  3 centaur zombies (D:9)
  8 hounds
  A human zombie (D:9)
  2 orc priests
  9 iguanas
  Ijyb (D:4)
  7 orc wizards
  A killer bee zombie (D:9)
  2 mummies (D:9)
  2 howler monkey zombies (D:9)
  Robin (D:2)
  8 adders
  21 gnolls
  2 shadow imps
  8 white imps
  3 ufetubi
  A worm (D:3)
  2 dart slugs
  29 orcs
  6 ball pythons
  5 endoplasms
  8 goblins
  5 hobgoblins
  5 jackals
  3 quokkas
  2 frilled lizards
  21 kobolds
  8 rats
260 creatures vanquished.

Vanquished Creatures (others)
  A skeletal warrior (D:7)
  An orc knight (D:10)
  A komodo dragon (D:10)
  A troll (D:10)
  A wyvern (D:10)
  4 yaks (D:10)
  A vampire mosquito (D:10)
  A wolf (D:10)
  A gnoll sergeant (D:8)
  A killer bee (D:10)
  A jelly (D:7)
  5 knights
  An ancestor (D:4)
  6 plants
26 creatures vanquished.

Grand Total: 326 creatures vanquished

Notes
Turn   | Place    | Note
-------+----------+-------------------------------------------
     0 | D:1      | mortz the Deep Elf Summoner began the quest for the Orb.
     0 | D:1      | Reached XP level 1. HP: 10/10 MP: 6/6
   286 | D:1      | Reached XP level 2. HP: 16/16 MP: 6/8
  1165 | D:2      | Noticed Robin
  1294 | D:2      | Found a hazy altar of Hepliaklqana.
  1302 | D:2      | Became a worshipper of Hepliaklqana the Forgotten
  1324 | D:2      | Found Gamyvax's Distillery.
  1434 | D:2      | Reached skill level 5 in Summonings
  1482 | D:2      | Reached XP level 3. HP: 10/20 MP: 7/10
  1652 | D:2      | Killed Robin
  1653 | D:2      | Reached skill level 1 in Fighting
  1778 | D:2      | Noticed Sigmund
  2376 | D:2      | Found a faded altar of an unknown god.
  2414 | D:2      | Found a runed translucent door.
  2415 | D:2      | Noticed Crazy Yiuf
  2435 | D:2      | Killed Crazy Yiuf
  2436 | D:2      | Reached XP level 4. HP: 17/25 MP: 8/12
  2673 | D:1      | Learned a level 2 spell: Call Imp
  2677 | D:1      | Learned a level 3 spell: Call Canine Familiar
  3298 | D:3      | Reached skill level 6 in Summonings
  3304 | D:3      | Reached XP level 5. HP: 29/29 MP: 8/13
  3595 | D:3      | Reached * piety under Hepliaklqana
  3699 | D:3      | Found a sacrificial altar of Ru.
  3981 | D:4      | Reached skill level 7 in Summonings
  4038 | D:4      | Found Weeciuv's Magic Scroll Shop.
  4046 | D:4      | Reached XP level 6. HP: 30/30 MP: 10/14
  4050 | D:4      | Bought a scroll of identify for 22 gold pieces
  4050 | D:4      | Bought a scroll of identify for 22 gold pieces
  4050 | D:4      | Bought a scroll of identify for 22 gold pieces
  4203 | D:4      | Reached skill level 8 in Summonings
  4351 | D:4      | Found an ornate altar of the Wu Jian Council.
  4515 | D:4      | Noticed Blork the orc
  4527 | D:4      | Killed Blork the orc
  4599 | D:4      | Noticed Grinder
  4618 | D:4      | Killed Grinder
  4619 | D:4      | Reached skill level 9 in Summonings
  4619 | D:4      | Reached XP level 7. HP: 34/34 MP: 10/15
  4782 | D:4      | Noticed Ijyb
  4795 | D:4      | Killed Ijyb
  4805 | D:4      | Learned a level 3 spell: Summon Guardian Golem
  4923 | D:5      | Entered Level 5 of the Dungeon
  4941 | D:5      | Reached ** piety under Hepliaklqana
  4942 | D:5      | Remembered your ancestor glurtz as a knight
  4945 | D:5      | Found a hide-covered altar of Uskayaw.
  5085 | D:5      | Found a staircase to the Ecumenical Temple.
  5100 | D:5      | Reached skill level 10 in Summonings
  5102 | D:5      | Noticed Pikel
  5112 | D:5      | Killed Pikel
  5113 | D:5      | Reached skill level 11 in Summonings
  5113 | D:5      | Reached XP level 8. HP: 38/38 MP: 8/16
  5302 | D:5      | Found a white marble altar of Elyvilon.
  5304 | D:5      | Found a sparkling altar of Nemelex Xobeh.
  5667 | D:6      | Reached skill level 12 in Summonings
  5826 | D:6      | Found a glowing drain.
  5830 | Sewer    | Entered a sewer
  6083 | D:6      | Reached skill level 13 in Summonings
  6105 | D:6      | Reached XP level 9. HP: 42/42 MP: 17/17
  6110 | D:6      | Learned a level 4 spell: Summon Lightning Spire
  6262 | D:6      | Reached skill level 1 in Air Magic
  6451 | D:6      | Reached skill level 5 in Spellcasting
  6819 | D:7      | You fall into a shaft and drop 1 floor!
  6839 | D:7      | Reached *** piety under Hepliaklqana
  6903 | D:7      | Noticed a manticore
  6915 | D:7      | Killed a manticore
  6916 | D:7      | Reached skill level 5 in Dodging
  6916 | D:7      | Reached XP level 10. HP: 50/50 MP: 11/21
  7081 | D:7      | Noticed Prince Ribbit
  7091 | D:7      | Killed Prince Ribbit
  7101 | D:7      | Noticed a skeletal warrior
  7137 | D:7      | Killed a skeletal warrior
  7185 | D:7      | Identified the amulet "Gouvorui" {Acrobat Harm rF+ Will+
                  | Regen+}
  7464 | D:7      | Reached skill level 14 in Summonings
  7499 | D:7      | Identified the +4 falchion of Beogh's Generosity {venom,
                  | rF+ Dex+2}
  7735 | D:8      | Found a transporter.
  7973 | D:8      | Noticed a two-headed ogre
  8005 | D:8      | Killed a two-headed ogre
  8260 | D:8      | Found Nainkecheri's Antique Weapon Emporium.
  8265 | D:8      | Learned a level 3 spell: Stone Arrow
  8343 | D:8      | Found a transporter.
  8598 | D:8      | Found a transporter.
  8617 | D:8      | Found a transporter.
  8763 | D:8      | Reached **** piety under Hepliaklqana
  9034 | D:9      | Reached skill level 5 in Fighting
  9034 | D:9      | Reached skill level 1 in Earth Magic
  9082 | D:9      | Reached skill level 1 in Conjurations
  9082 | D:9      | Reached XP level 11. HP: 56/56 MP: 25/25
  9091 | D:9      | Found an ancient bone altar of Kikubaaqudgha.
  9368 | D:9      | Reached skill level 1 in Invocations
  9368 | D:9      | Found a broken altar of Ashenzari.
  9582 | D:9      | Found a burning altar of Makhleb.
  9583 | D:9      | Found a bloodstained altar of Trog.
  9584 | D:9      | Found an opulent altar of Gozag.
  9585 | D:9      | Found a basalt altar of Yredelemnul.
  9725 | D:9      | Found a stormy altar of Qazlal.
  9972 | D:10     | Entered Level 10 of the Dungeon
 10010 | D:9      | Learned a level 3 spell: Mephitic Cloud
 10260 | D:10     | Reached skill level 1 in Poison Magic
 10599 | D:10     | Noticed a two-headed ogre
 10605 | D:10     | Noticed a deep elf pyromancer
 10608 | D:10     | Reached skill level 10 in Spellcasting
 10611 | D:10     | Noticed an orc knight
 10747 | D:10     | Killed an orc knight
 10806 | D:10     | Killed a deep elf pyromancer
 10866 | D:10     | Killed a two-headed ogre
 10944 | D:10     | Noticed an orc knight
 11049 | D:10     | Killed an orc knight
 11079 | D:10     | Got Boamme's Tutorial on Rites and Rhymes
 11116 | D:10     | Reached XP level 12. HP: 63/63 MP: 23/28
 11274 | D:10     | Killed from afar by an electric eel

Illustrated notes

Levels and vault maps discovered:
D:1:      erik_arrival_blinker_ship, layout_basic, serial_forest,
          infiniplex_forest_clump_tiny, infiniplex_forest_lined_room_2,
          infiniplex_forest_lined_2, infiniplex_forest_end_3,
          infiniplex_forest_end_2, infiniplex_forest_lined_corner,
          minmay_misc_feat_plants, chequers_garden
D:2:      layout_basic, basic_altar, shapermc_ecumenical_altar_mp_highgroup,
          serial_shops, nicolae_square_shop, uniq_robin,
          uniq_crazy_yiuf_cottage, uniq_sigmund
D:3:      layout_loops_ring, lemuel_round_altar
D:4:      layout_loops_cross, nzn_wu_jian_council_hall, serial_shops,
          nicolae_shop_temple_entry_statues_fountains, uniq_blork_the_orc,
          uniq_grinder, uniq_ijyb
D:5:      layout_cave_pools, nicolae_overflow_hidden_temple,
          mainiacjoe_overflow_tiny_flanked, minmay_temple_entry_overgrown,
          minmay_stone_trees_small, uniq_pikel
D:6:      layout_cave_pools, gup_sewer_entry_bowl, serial_park,
          serial_park_avenue1, serial_park_tiny_2, serial_park_square1
          [serial_park_minivault_5x5_1], serial_park_square3
          [serial_park_minivault_5x5_3], minmay_misc_feat_doors,
          minmay_joined_circles
D:7:      minmay_the_grid_four_pointed_star
          [minmay_the_grid_triangle_9x9_descending_squares,
          minmay_the_grid_triangle_9x9_alien,
          minmay_the_grid_triangle_9x9_limited_checkers,
          minmay_the_grid_triangle_9x9_stretched_checkered,
          minmay_the_grid_prize_four_corners_diamond_a], layout_rooms,
          uniq_prince_ribbit1
D:8:      nicolae_cairo_tiling_large_dashed, layout_loops_ring, serial_shops,
          shop, serial_bayou, serial_bayou_lagoon_a, serial_bayou_pond_a,
          serial_bayou_pond_e, serial_bayou_pond_b,
          nicolae_transporter_intersection
D:9:      layout_irregular_city, lemuel_coloured_pillars_altar,
          mainiacjoe_overflow_alcove_3, lemuel_mausoleum_altar_kikubaaqudgha,
          nicolae_ashenzari_skybound, hangedman_decor_points,
          ebering_dispersal_statue_hall
D:10:     cheibrodos_ideogram_h, layout_long_grid, erik_lair_island,
          hangedman_abyss_or_decor_lesser_grid, chequers_serial_rivers_large_a,
          nicolae_figureground_sparkle

Skill      XL: |  1  2  3  4  5  6  7  8  9 10 11 |
---------------+----------------------------------+-----
Summonings     | 5 6 7 9 11 13 14 | 14.6
Fighting       | 1 3 5 6 |  6.3
Spellcasting   | 4 6 8 10 | 10.5
Air Magic      | 3 4 |  4.3
Dodging        | 5 6 7 |  7.9
Earth Magic    | 1 3 |  3.5
Conjurations   | 1 3 |  3.5
Invocations    | 3 |  3.5
Poison Magic   | 2 |  2.8
Stealth        | |  2.4

Action                   |  1- 3 |  4- 6 |  7- 9 | 10-12 || total
-------------------------+-------+-------+-------+-------++-------
Melee: Unarmed           |     1 |       |       |       ||     1
       Dagger            |    45 |    18 |       |       ||    63
       Battleaxe         |       |     1 |    40 |     3 ||    44
       Falchion          |       |       |       |    35 ||    35
       Punch             |       |       |       |     2 ||     2
 Cast: Summon Small Mamm |    76 |    44 |    16 |    58 ||   194
       Call Canine Famil |       |    17 |    18 |    42 ||    77
       Summon Guardian G |       |       |     8 |    34 ||    42
       Call Imp          |       |       |     1 |    13 ||    14
       Summon Lightning  |       |       |     1 |       ||     1
Invok: Ancestor Identity |       |     1 |     1 |       ||     2
       Ancestor Life: Kn |       |       |     1 |       ||     1
       Recall Ancestor   |       |       |     1 |     4 ||     5
  Use: Scroll            |     3 |     9 |     8 |     4 ||    24
 Stab: Sleeping          |     1 |       |       |       ||     1
       Distracted        |       |       |     1 |       ||     1
Armor: Robe              |    10 |       |       |       ||    10
       Animal skin       |     6 |    11 |    26 |    21 ||    64
       Leather armour    |       |       |       |     2 ||     2
Dodge: Dodged            |    29 |    15 |    56 |    47 ||   147
Block: Kite shield       |       |       |       |    12 ||    12
